 Dungeon Crawl Stone Soup version 0.30-a0-1050-g2766ea1e55 (webtiles) character file.

Game seed: 7573154172694305195

9835 Querens the Blocker (level 11, -8/90 HPs)
             Began as a Formicid Fighter on Apr 10, 2023.
             Was an Elder of Okawaru.
             Mangled by Rupert
             ... wielding a +5 great sword of electrocution
              (20 damage)
             ... on level 12 of the Dungeon.
             The game lasted 00:37:43 (8028 turns).

Querens the Blocker (Formicid Fighter)              Turns: 8028, Time: 00:37:44

Health: -8/90      AC: 22    Str: 24    XL:     11   Next: 81%
Magic:  9/15       EV:  9    Int:  9    God:    Okawaru [****..]
Gold:   250        SH:  8    Dex: 13    Spells: 10/10 levels left

rFire   . . .      SeeInvis +    m - +2 war axe
rCold   . . .      Faith    .    c - +0 buckler
rNeg    + . .      Spirit   .    U - +0 plate armour
rPois   .          Reflect  .    (helmet unavailable)
rElec   .          Rampage  .    z - +1 cloak
rCorr   .                        g - +0 pair of gloves
Will    +....                    b - +0 pair of boots Stlth
                                 (no amulet)
HPRegen 0.35/turn                p - ring of positive energy
MPRegen 0.14/turn                y - +4 ring of slaying

@: mighty, heroic, finesse-ful
A: permanent stasis, dig shafts and tunnels, antennae 3, four strong arms
a: Dig, Shaft Self, Renounce Religion, Heroism, Finesse


You were on level 12 of the Dungeon.
You worshipped Okawaru.
Okawaru was greatly pleased with you.
You visited 2 branches of the dungeon, and saw 13 of its levels.

You collected 705 gold pieces.
You spent 455 gold pieces at shops.

Inventory:

Hand Weapons
 m - a +2 war axe (weapon)
Missiles
 a - 2 curare-tipped darts
Armour
 b - a +0 pair of boots (worn)
 c - a +0 buckler (worn)
 g - a +0 pair of gloves (worn)
 q - +0 acid dragon scales
 z - a +1 cloak (worn)
 P - a scarf of shadows
 U - a +0 plate armour (worn)
Jewellery
 l - a ring of flight
 n - an amulet of faith
 p - a ring of positive energy (left hand)
 y - a +4 ring of slaying (right hand)
 D - an amulet of magic regeneration
 E - a +5 ring of evasion
 I - a ring of protection from fire
 S - a ring of wizardry
Wands
 s - a wand of charming (12)
 J - a wand of flame (10)
 O - a wand of polymorph (8)
Scrolls
 h - 3 scrolls of enchant armour
 k - 5 scrolls of enchant weapon
 t - 2 scrolls of amnesia
 u - a scroll of acquirement
 C - 4 scrolls of poison
 F - a scroll of fear
 N - 4 scrolls of fog
 Q - 4 scrolls of magic mapping
 R - a scroll of immolation {unknown}
Potions
 d - a potion of might
 e - 7 potions of brilliance
 f - 3 potions of haste {unknown}
 i - a potion of flight {unknown}
 j - 5 potions of mutation
 o - 2 potions of degeneration {unknown}
 v - a potion of ambrosia {unknown}
 w - 3 potions of attraction
 x - 9 potions of curing
 A - 2 potions of cancellation
 L - a potion of berserk rage {unknown}
 M - 3 potions of lignification
 T - a potion of magic {unknown}


   Skills:
 + Level 9.8(14.8) Fighting
 * Level 9.5(14.5) Axes
 + Level 9.9(14.9) Armour
 + Level 11.6(16.6) Shields
 + Level 5.4 Invocations


You had 10 spell levels left.
You didn't know any spells.
Your spell library contained the following spells:

 Spells                   Type           Power      Damage    Failure   Level
 Magic Dart               Conj           0%         1d3       98%         1
 Necrotise                Necr           0%         1d4       98%         1
 Lesser Beckoning         Tloc           0%         N/A       99%         2
 Momentum Strike          Conj/Tloc      0%         3d8       99%         2
 Mephitic Cloud           Conj/Pois/Air  0%         N/A       100%        3
 Portal Projectile        Hex/Tloc       0%         N/A       100%        3
 Vampiric Draining        Necr           0%         2d6       100%        3
 Agony                    Necr           0%         N/A       100%        5
 Blade Hands              Tmut           0%         N/A       100%        5
 Summon Small Mammal      Summ           Unusable   N/A       N/A         1
 Blink                    Tloc           Unusable   N/A       N/A         2
 Call Imp                 Summ           Unusable   N/A       N/A         2
 Call Canine Familiar     Summ           Unusable   N/A       N/A         3
 Summon Guardian Golem    Hex/Summ       Unusable   N/A       N/A         3
 Tukima's Dance           Hex            Unusable   N/A       N/A         3

Dungeon Overview and Level Annotations

Branches:
Dungeon (12/15)            Temple (1/1) D:6            Lair (0/5) D:11
    Orc: D:9-12

Altars:
Ashenzari
Cheibriados
Dithmenos
Elyvilon
Fedhas
Gozag
Hepliaklqana
Kikubaaqudgha
Makhleb
Nemelex Xobeh
Okawaru
Qazlal
Ru
Sif Muna
Trog
Uskayaw
Vehumet
Wu Jian
Xom
Yredelemnul
Zin
The Shining One

Shops:
D:9 ?[([

Annotations:
D:12 Rupert


Innate Abilities, Weirdness & Mutations

You cannot be hasted, slowed, berserked, paralysed or teleported.
You can dig through walls and to a lower floor.
You have a pair of large antennae on your head. (SInv)
Your four strong arms can wield two-handed weapons with a shield.


Message History

You hit Rupert.
Rupert is heavily wounded.
You block Rupert's attack.
You slash Rupert!
Rupert is heavily wounded.
You slash Rupert!
Rupert is heavily wounded.
Rupert hits you with a +5 great sword of electrocution!!
* * * LOW HITPOINT WARNING * * *
You slash Rupert!
Rupert is severely wounded.
You barely miss Rupert.
Rupert is severely wounded.
You block Rupert's attack.
You barely miss Rupert.
Rupert is severely wounded.
You hit Rupert.
Rupert is severely wounded.
Rupert hits you with a +5 great sword of electrocution!
* * * LOW HITPOINT WARNING * * *
You slash Rupert!
Rupert is severely wounded.
Rupert barely misses you.
You hit Rupert.
Rupert is severely wounded.
You closely miss Rupert.
Rupert is severely wounded.
Rupert hits you with a +5 great sword of electrocution.
* * * LOW HITPOINT WARNING * * *
Okay, then.
Okay, then.
Okay, then.
Okay, then.
Unknown command.
You slash Rupert!
Rupert is almost dead.
You slice Rupert!!
Rupert is almost dead.
Rupert hits you with a +5 great sword of electrocution!!
You die...

#..# ##'## .......
#..†. #..[....#
#.... #.......#
#+### #....
##.$.....# ....#
#####.... .........#
....# #...'....
#.......#######....#
#.###....
#.......#....@@....#
#....
#.........#####....+
#.... #.......###
....# #..).
#.......# ##+##
#.... #.......#
##### #####.###
##..# #..## ##.####
###+###### ######


You could see Rupert (berserk).

Vanquished Creatures
  Pikel (D:5)
  An ugly thing (D:12)
  A gargoyle (D:12)
  4 kobold demonologists
  3 komodo dragons
  A troll (D:10)
  Grinder (D:5)
  Prince Ribbit (D:5)
  Sigmund (D:3)
  2 wraiths
  A wyvern (D:11)
  Eustachio (D:4)
  10 yaks
  Edmund (D:5)
  3 water moccasins
  2 black bears
  2 orc warriors
  3 sky beasts
  An ice beast (D:6)
  2 ogres
  A tengu (D:11)
  8 centaurs
  5 bullfrogs
  3 kobold brigands
  A scorpion (D:4)
  3 killer bees (D:11)
  3 howler monkeys
  9 electric eels
  A jelly (D:6)
  4 orc priests
  4 hounds
  Crazy Yiuf (D:3)
  A sleepcap (D:4)
  Jessica (D:3)
  2 iguanas
  10 orc wizards
  13 adders
  3 gnolls (D:4)
  A shadow imp (D:6)
  2 white imps
  An ufetubus (D:7)
  A dart slug (D:3)
  24 orcs
  6 endoplasms
  4 giant cockroaches
  4 goblins
  8 hobgoblins
  8 jackals (D:4)
  2 quokkas
  6 ball pythons
  4 bats
  A frilled lizard (D:2)
  8 kobolds
  7 rats
202 creatures vanquished.

Vanquished Creatures (others)
  3 lemures (D:5)
  A howler monkey (D:5)
  21 plants
25 creatures vanquished.

Grand Total: 227 creatures vanquished

Notes
Turn   | Place    | Note
-------+----------+-------------------------------------------
     0 | D:1      | Querens the Formicid Fighter began the quest for the Orb.
     0 | D:1      | Reached XP level 1. HP: 18/18 MP: 1/1
   102 | D:1      | Reached XP level 2. HP: 16/24 MP: 2/2
   217 | D:1      | Found a faded altar of an unknown god.
   410 | D:2      | Reached XP level 3. HP: 29/29 MP: 3/3
   619 | D:2      | Reached XP level 4. HP: 27/37 MP: 4/4
   971 | D:3      | Reached XP level 5. HP: 42/42 MP: 5/5
  1127 | D:3      | Reached skill level 5 in Shields
  1163 | D:3      | Found an opulent altar of Gozag.
  1352 | D:3      | Noticed Sigmund
  1367 | D:3      | Killed Sigmund
  1368 | D:3      | Reached XP level 6. HP: 19/49 MP: 6/6
  1663 | D:3      | Noticed Jessica
  1669 | D:3      | Killed Jessica
  1677 | D:3      | Found a runed translucent door.
  1678 | D:3      | Noticed Crazy Yiuf
  1686 | D:3      | Killed Crazy Yiuf
  1731 | D:4      | Reached XP level 7. HP: 38/55 MP: 7/7
  1785 | D:4      | Noticed Eustachio
  1793 | D:4      | Reached skill level 5 in Fighting
  1793 | D:4      | Reached skill level 5 in Armour
  1793 | D:4      | Reached skill level 6 in Shields
  1804 | D:4      | Killed Eustachio
  2098 | D:5      | Entered Level 5 of the Dungeon
  2098 | D:5      | Noticed Prince Ribbit
  2132 | D:5      | Killed Prince Ribbit
  2133 | D:5      | Reached XP level 8. HP: 26/64 MP: 8/8
  2220 | D:5      | Reached skill level 7 in Shields
  2331 | D:5      | Reached skill level 5 in Axes
  2384 | D:5      | Noticed Pikel
  2408 | D:5      | Killed Pikel
  2409 | D:5      | Reached skill level 8 in Shields
  2409 | D:5      | Reached XP level 9. HP: 48/71 MP: 9/9
  2409 | D:5      | Noticed Edmund
  2424 | D:5      | Killed Edmund
  2498 | D:5      | Noticed Grinder
  2598 | D:5      | Killed Grinder
  2973 | D:6      | Reached skill level 9 in Shields
  3352 | D:6      | Found a staircase to the Ecumenical Temple.
  3362 | Temple   | Entered the Ecumenical Temple
  3435 | Temple   | Became a worshipper of Warmaster Okawaru
  3744 | D:7      | Reached XP level 10. HP: 74/80 MP: 10/10
  3815 | D:7      | Reached * piety under Okawaru
  4161 | D:8      | Reached skill level 10 in Shields
  4180 | D:8      | Reached skill level 1 in Invocations
  4977 | D:9      | Found Xiesiyjull's Antique Weapon Emporium.
  5188 | D:9      | Reached ** piety under Okawaru
  5293 | D:9      | Found Powy's Armour Boutique.
  5418 | D:9      | Found Onkaniq's Armour Boutique.
  5450 | D:9      | Found Iducrol's Magic Scroll Shop.
  5457 | D:9      | Bought a scroll of fear for 52 gold pieces
  5457 | D:9      | Bought a scroll of magic mapping for 97 gold pieces
  5457 | D:9      | Bought a scroll of fog for 52 gold pieces
  5457 | D:9      | Bought a scroll of identify for 26 gold pieces
  5457 | D:9      | Bought a scroll of identify for 26 gold pieces
  5457 | D:9      | Bought a scroll of identify for 26 gold pieces
  5457 | D:9      | Bought a scroll of identify for 26 gold pieces
  5470 | D:9      | Identified a scroll of acquirement
  5492 | D:9      | Found Ecvoit's Magic Scroll Boutique.
  5495 | D:9      | Bought a scroll of enchant armour for 75 gold pieces
  5495 | D:9      | Bought a scroll of enchant weapon for 75 gold pieces
  5753 | D:10     | Entered Level 10 of the Dungeon
  5917 | D:10     | Found a sparkling altar of Nemelex Xobeh.
  5918 | D:10     | Found a shimmering blue altar of Sif Muna.
  5918 | D:10     | Found a bloodstained altar of Trog.
  5999 | D:10     | Noticed an orc knight
  6005 | D:10     | an orc knight changed into a komodo dragon
  6005 | D:10     | Noticed a komodo dragon
  6015 | D:10     | Killed a komodo dragon
  6016 | D:10     | Reached XP level 11. HP: 81/89 MP: 10/13
  6371 | D:10     | Reached *** piety under Okawaru
  6853 | D:11     | Noticed a skeletal warrior
  6854 | D:11     | Noticed a skeletal warrior
  6901 | D:10     | Reached skill level 11 in Shields
  7378 | D:11     | Noticed a soul eater
  7444 | D:11     | Noticed a soul eater
  7445 | D:11     | Reached **** piety under Okawaru
  7446 | D:11     | Reached skill level 5 in Invocations
  7600 | D:11     | Found a staircase to the Lair.
  7645 | D:11     | Noticed a skeletal warrior
  7929 | D:12     | Noticed a purple ugly thing
  7942 | D:12     | Killed a purple ugly thing
  7995 | D:12     | Noticed Rupert
  8028 | D:12     | Mangled by Rupert

Illustrated notes

Levels and vault maps discovered:
D:1:      minmay_arrival_five_plusses, layout_rooms,
          ebering_ecumenical_altar_box, minmay_pentomino_x4
D:2:      wander_river, layout_basic
D:3:      layout_loops_corners, nicolae_gozag_seed_capital, uniq_sigmund,
          uniq_crazy_yiuf_cottage, uniq_jessica
D:4:      layout_cave_pools, uniq_eustachio
D:5:      layout_basic, uniq_pikel, uniq_grinder, uniq_edmund,
          uniq_prince_ribbit1
D:6:      cheibrodos_two_vegetables, layout_basic, minmay_temple_entry_crystal_x
D:7:      layout_basic, nicolae_benzene_ring, kennysheep_nondescript
D:8:      layout_basic
D:9:      layout_loops_corners, serial_shops, nicolae_inconvenience_store,
          nicolae_shop_behind_doors, kennysheep_mini, shop, nicolae_shop_trees,
          chequers_jeans, minmay_misc_feat_five, nicolae_elevator_lobby_plus
D:10:     layout_loops_corners, chequers_temple_overflow_statue_of_worship
D:11:     layout_basic, david_lair_shrubbed
D:12:     layout_roguey, hiddenorc1_lemuel, uniq_rupert
Temple:   mainiacjoe_temple_coin_purse

Skill      XL: |  1  2  3  4  5  6  7  8  9 10 11 |
---------------+----------------------------------+-----
Armour         | 4 5 6 8 9 |  9.9
Fighting       | 4 5 6 7 9 |  9.8
Axes           | 3 4 5 6 8 9 |  9.5
Shields        | 5 6 8 9 10 11 | 11.6
Invocations    | 3 5 |  5.4

Action                     |  1- 3 |  4- 6 |  7- 9 | 10-12 || total
---------------------------+-------+-------+-------+-------++-------
  Melee: War axe           |    93 |   103 |   197 |   318 ||   711
 Invoke: Heroism           |       |       |       |     4 ||     4
         Finesse           |       |       |       |     1 ||     1
Ability: Dig               |       |       |       |     2 ||     2
  Evoke: Wand              |       |       |    22 |    15 ||    37
    Use: Potion            |       |       |     1 |     5 ||     6
         Scroll            |       |       |       |    17 ||    17
 Armour: Scale mail        |    59 |    20 |       |       ||    79
         Chain mail        |       |    33 |    94 |    38 ||   165
         Plate armour      |       |       |       |   159 ||   159
  Dodge: Dodged            |    55 |    41 |    67 |   120 ||   283
  Block: Buckler           |    24 |    25 |    66 |   141 ||   256

Table legend: (Time is in decaauts)
 A = Elapsed time spent in this place.
 B = Non-inter-level travel time spent in this place.
 C = Inter-level travel time spent in this place.
 D = Time resting spent in this place.
 E = Time spent auto-exploring this place.
 F = Levels seen in this place.
 G = Mean time per level.
                   A        B        C        D        E       F      G
               +--------+--------+--------+--------+--------+-----+--------+
         Total |   8204 |   7432 |    772 |    288 |      0 |  13 |  631.1 |
       Dungeon |   8118 |   7357 |    761 |    288 |      0 |  12 |  676.5 |
        Temple |     85 |     74 |     11 |      0 |      0 |   1 |   85.0 |
               +--------+--------+--------+--------+--------+-----+--------+

Top non-repeatable levels by time:
    D:10: 1107 daAuts
    D:11: 1008 daAuts
     D:6: 875 daAuts
     D:9: 823 daAuts
     D:8: 807 daAuts
     D:3: 795 daAuts
     D:5: 648 daAuts
     D:2: 592 daAuts
     D:7: 487 daAuts
     D:1: 405 daAuts
     D:4: 404 daAuts
    D:12: 161 daAuts
  Temple: 85 daAuts
